 Dungeon Sprint DCSS version 0.32-a0-825-g0e82a1035d (webtiles) character file.

Game seed: 4717022160583777587

3252 Gladio the Bludgeoner (level 9, -4/94 HPs)
             Began as a Minotaur Fighter on Mar 25, 2024.
             Was a Believer of Trog.
             Slain by an ice devil (7 damage)
             ... summoned by a kobold demonologist
             ... in the Dungeon (Sprint I: "Red Sonja").
             The game lasted 00:03:04 (1196 turns).

Gladio the Bludgeoner (Minotaur Fighter)            Turns: 1196, Time: 00:03:04

Health: -4/94      AC:  9    Str: 25    XL:     9   Next: 67%
Magic:  8/8        EV:  9    Int:  5    God:    Trog [**....]
Gold:   460        SH:  0    Dex: 10    Spells: 8/8 levels left

rFire   . . .        i - +4 battleaxe (elec)
rCold   . . .        (shield currently unavailable)
rNeg    . . .        b - +0 scale mail
rPois   .            (helmet restricted)
rElec   .            (no cloak)
rCorr   .            (no gloves)
SInv    .            (no boots)
Will    .....        (no amulet) Stlth
                     (no ring)
HPRegen 0.35/turn    (no ring)
MPRegen 0.11/turn

%: no teleportation
@: fragile (+50% incoming damage)
A: horns 2, retaliatory headbutt
a: Renounce Religion, Berserk, Trog's Hand


You were in the Dungeon.
You worshipped Trog.
Trog was pleased with you.
You visited 1 branch You collected 956 gold pieces.
You spent 496 gold pieces at shops.

Inventory:

Hand Weapons
 a - a +0 flail
 i - a +4 battleaxe of electrocution (weapon)
Armour
 b - a +0 scale mail (worn)
Wands
 e - a wand of charming (5)
 k - a wand of iceblast (16) (quivered)
Scrolls
 c - a scroll of revelation {unknown}
 f - a scroll of fog {unknown}
 j - a scroll of blinking
 m - a scroll of amnesia {unknown}
 n - a scroll of identify {unknown}
Potions
 d - a potion of might
 g - a potion of haste
 h - 2 potions of magic
 l - 2 potions of curing


   Skills:
 + Level 13.9 Fighting
 * Level 3.9(12.6) Axes
 - Level 18.2(18.4) Maces & Flails
 + Level 13.9 Armour
 - Level 3.6 Shields


You had 8 spell levels left.
You didn't know any spells.
Your spell library was empty.

Dungeon Overview and Level Annotations

Branches:
Dungeon (1/1)

Altars:
Cheibriados
Dithmenos
Elyvilon
Fedhas
Gozag
Hepliaklqana
Kikubaaqudgha
Makhleb
Nemelex Xobeh
Okawaru
Qazlal
Ru
Sif Muna
Trog
Uskayaw
Vehumet
Wu Jian
Xom
Yredelemnul
Zin
The Shining One
Jiyva
Lugonu

Shops:
D ([

Annotations:
D exclusion: oklob plant


Innate Abilities, Weirdness & Mutations

You have a pair of horns on your head.
You reflexively headbutt those who attack you in melee.


Message History

You can access your shopping list by pressing '$'.
You now have 433 gold pieces (gained 27).
You now have 460 gold pieces (gained 27).
You open the door.
A kobold demonologist and a glass eye come into view.
The kobold demonologist is wielding a +4 dagger of venom.
The kobold demonologist looks satisfied for a moment.
The glass eye gazes at you.
Your body becomes as fragile as glass!
A kobold demonologist comes into view. It is wielding a +0 dagger.
The kobold demonologist gestures wildly while chanting. x2
There is an open door here.
You slash the ice devil!
The ice devil is moderately wounded.
You barely miss the glass eye.
The kobold demonologist casts a spell.
The ice devil hits you! The ice devil freezes you!!
The kobold demonologist mumbles some strange words.
You slice the glass eye!! Your headbutt misses the glass eye.
The glass eye is moderately wounded.
You hit the glass eye.
The glass eye is heavily wounded.
You slice the glass eye!!
You headbutt the glass eye, but do no damage.
The glass eye is almost dead.
The glass eye gazes at you.
You feel your fragility will last longer.
You slice the glass eye!!
You kill the glass eye!
Trog accepts your kill.
The kobold demonologist miscasts a cantrip.
Your base Axes skill increases to level 3!
You slice the ice devil!!
You headbutt the ice devil, but do no damage.
The ice devil is severely wounded.
The ice devil hits you! The ice devil freezes you!!
* * * LOW HITPOINT WARNING * * *
The ice devil attacks as it pursues you!
The ice devil hits you.
You die...

#######################
#..)..#..'..#__#..'4.4#
').#..').#..'..'@4#5K.#
#####'#####'#__####...+
####..#...#[####..#####
#__####..##(#~§§§§#..#
#_____##'#_.'§§~.§+..#
#_.∩...'.§._#~§§.)#..#
#_..__##_.#'##§#####'#
#_____###'#.#[§§[###P+
#########)####'###.###


You could see a hellwing (summoned), an ice devil (summoned) and a chaos spawn
(summoned).

Vanquished Creatures
  2 centaur warriors (D)
  Sonja (D)
  A deep troll (D)
  A hornet (D)
  A glass eye (D)
  A slime creature (D)
  Sigmund (D)
  A yak (D)
  An ogre (D)
  A jelly (D)
  Ijyb (D)
12 creatures vanquished.

Vanquished Creatures (others)
  2 ballistomycete spores (D)
2 creatures vanquished.

Grand Total: 14 creatures vanquished

Notes
Turn   | Place    | Note
-------+----------+-------------------------------------------
     0 | D        | Gladio the Minotaur Fighter began the quest for the Orb.
     0 | D        | Reached XP level 1. HP: 19/19 MP: 0/0
     4 | D        | Noticed Ijyb
    16 | D        | Killed Ijyb
    17 | D        | Reached skill level 5 in Fighting
    17 | D        | Reached skill level 5 in Maces & Flails
    17 | D        | Reached skill level 5 in Armour
    17 | D        | Reached XP level 2. HP: 16/29 MP: 1/1
    71 | D        | Noticed an ogre
    75 | D        | Killed an ogre
    76 | D        | Reached skill level 8 in Maces & Flails
    76 | D        | Reached XP level 3. HP: 10/38 MP: 2/2
    76 | D        | Reached XP level 4. HP: 11/45 MP: 3/3
   210 | D        | Noticed Sigmund
   219 | D        | Killed Sigmund
   220 | D        | Reached skill level 10 in Maces & Flails
   220 | D        | Reached XP level 5. HP: 42/55 MP: 4/4
   220 | D        | Reached XP level 6. HP: 47/62 MP: 5/5
   280 | D        | Found an ornate altar of the Wu Jian Council.
   280 | D        | Found a shimmering blue altar of Sif Muna.
   281 | D        | Found a burning altar of Makhleb.
   281 | D        | Found a viscous altar of Jiyva.
   281 | D        | Found a shimmering altar of Xom.
   281 | D        | Found a corrupted altar of Lugonu.
   281 | D        | Noticed a slime creature
   293 | D        | Killed a slime creature
   294 | D        | Reached skill level 12 in Maces & Flails
   296 | D        | Found a radiant altar of Vehumet.
   383 | D        | Found Waow's Weapon Emporium.
   383 | D        | Found an ancient bone altar of Kikubaaqudgha.
   383 | D        | Found a hazy altar of Hepliaklqana.
   383 | D        | Found a stormy altar of Qazlal.
   383 | D        | Found a hide-covered altar of Uskayaw.
   383 | D        | Found a blossoming altar of Fedhas.
   383 | D        | Found a bloodstained altar of Trog.
   383 | D        | Found an iron altar of Okawaru.
   383 | D        | Found a basalt altar of Yredelemnul.
   383 | D        | Found a glowing golden altar of the Shining One.
   383 | D        | Found a snail-covered altar of Cheibriados.
   383 | D        | Found a sacrificial altar of Ru.
   383 | D        | Found a glowing silver altar of Zin.
   383 | D        | Found a shadowy altar of Dithmenos.
   383 | D        | Found a white marble altar of Elyvilon.
   383 | D        | Noticed a yak
   390 | D        | Killed a yak
   391 | D        | Reached skill level 10 in Fighting
   391 | D        | Reached skill level 13 in Maces & Flails
   391 | D        | Reached skill level 10 in Armour
   391 | D        | Reached XP level 7. HP: 38/72 MP: 6/6
   391 | D        | Found an opulent altar of Gozag.
   392 | D        | Found a sparkling altar of Nemelex Xobeh.
   500 | D        | Became a worshipper of Trog the Wrathful
   520 | D        | Noticed Sonja
   523 | D        | Killed Sonja
   524 | D        | Reached skill level 15 in Maces & Flails
   524 | D        | Reached XP level 8. HP: 58/82 MP: 7/7
   708 | D        | Noticed a deep troll
   719 | D        | Killed a deep troll
   719 | D        | Reached * piety under Trog
   720 | D        | Reached skill level 16 in Maces & Flails
   772 | D        | Bought a +4 battleaxe of electrocution for 496 gold pieces
   797 | D        | Found Tiptesow's Armour Emporium.
   814 | D        | Noticed a centaur warrior
   815 | D        | Noticed a centaur warrior
   823 | D        | Killed a centaur warrior
   823 | D        | HP: 1/124 [centaur warrior (11)]
   824 | D        | Reached skill level 17 in Maces & Flails
   824 | D        | Reached XP level 9. HP: 1/93 MP: 8/8
   824 | D        | Killed a centaur warrior
   825 | D        | Reached skill level 18 in Maces & Flails
  1084 | D        | Reached ** piety under Trog
  1095 | D        | Noticed an oklob plant
  1187 | D        | Noticed a kobold demonologist
  1188 | D        | Noticed a kobold demonologist
  1189 | D        | Noticed an ice devil
  1190 | D        | Noticed a hellwing
  1195 | D        | HP: 2/94 [ice devil[a kobold demonologist] (30)]
  1196 | D        | Slain by an ice devil

Illustrated notes

Levels and vault maps discovered:
D:        dungeon_sprint_1 [red_sonja_temple_1, red_sonja_temple_small_1]

Skill      XL: |  1  2  3  4  5  6  7  8  9 |
---------------+----------------------------+-----
Fighting       | 5 6 8 10 11 13 | 13.9
Maces & Flails | 5 8 10 13 15 17 18 | 18.2
Armour         | 5 6 8 10 11 13 | 13.9
Axes           | 3 |  3.9
Shields        | |  3.6

Action                     |  1- 3 |  4- 6 |  7- 9 || total
---------------------------+-------+-------+-------++-------
  Melee: Flail             |    14 |    19 |     6 ||    39
         Headbutt          |     5 |     4 |     4 ||    13
         Battleaxe         |       |       |    12 ||    12
 Invoke: Berserk           |       |       |     1 ||     1
  Evoke: Wand              |     1 |     1 |     4 ||     6
    Use: Potion            |       |       |     3 ||     3
 Armour: Scale mail        |     8 |    12 |    51 ||    71
  Dodge: Dodged            |     7 |     5 |    10 ||    22
  Block: Buckler           |     1 |     2 |     1 ||     4

Table legend: (Time is in decaauts)
 A = Elapsed time spent in this place.
 B = Non-inter-level travel time spent in this place.
 C = Inter-level travel time spent in this place.
 D = Time resting spent in this place.
 E = Time spent auto-exploring this place.
 F = Levels seen in this place.
 G = Mean time per level.
                   A        B        C        D        E       F      G
               +--------+--------+--------+--------+--------+-----+--------+
         Total |   1230 |   1211 |     19 |     29 |   1009 |   1 | 1230.0 |
       Dungeon |   1230 |   1211 |     19 |     29 |   1009 |   1 | 1230.0 |
               +--------+--------+--------+--------+--------+-----+--------+

Top non-repeatable levels by time:
       D: 1230 daAuts
